[Event "Titled Tuesday Blitz July 4 Late 2023"]
[White "Toolin, Christopher"]
[Black "Vlassov, Nikolai"]
[WhiteFideId "2024543"]
[BlackFideId "4103360"]
[WhiteElo "2421"]
[BlackElo "2558"]
[Result "0-1"]
[Round "10"]
[TimeControl "180+2"]
[Date "2023.07.04"]
[WhiteClock "0:00:15"]
[BlackClock "0:00:37"]
[Board "63"]

1. d4 Nf6 2. c4 Nc6 3. f3 e5 4. d5 Bb4+ 5. Nc3 Bxc3+ 6. bxc3 Ne7 7. Nh3 d6 8. Nf2 O-O 9. h4 Nh5 10. g4 Ng3 11. Rg1 Nxf1 12. Kxf1 f5 13. Qd3 e4 14. Qd4 exf3 15. exf3 fxg4 16. Nxg4 Rxf3+ 17. Ke2 Bxg4 18. Rxg4 Rf7 19. Bg5 Qd7 20. Rag1 Nf5 21. Qd3 Re8+ 22. Kd2 Qa4 23. Kc1 Qxa2 24. Rf1 Nh6 25. Bxh6 Rxf1+ 26. Qxf1 Qa1+ 27. Kc2 Qxf1 28. Rxg7+ Kh8 29. Rxc7 Re2+ 30. Kb3 Qb1+ 31. Ka4 Ra2# 0-1


[Site "https://www.chess.com"]

[Event "Titled Tuesday Blitz July 4 Late 2023"]
[White "Herman, Daniel"]
[Black "Czerw, Dawid"]
[WhiteFideId "30935008"]
[BlackFideId "1145746"]
[WhiteElo "2421"]
[BlackElo "2557"]
[Result "0-1"]
[Round "10"]
[TimeControl "180+2"]
[Date "2023.07.04"]
[WhiteClock "0:00:00"]
[BlackClock "0:00:03"]
[Board "64"]

1. Nf3 c5 2. c4 Nc6 3. Nc3 e5 4. e3 Nf6 5. d4 cxd4 6. exd4 e4 7. Ne5 Bb4 8. Be2 O-O 9. O-O h6 10. Bf4 Re8 11. Rc1 d6 12. Nxc6 bxc6 13. a3 Ba5 14. b4 Bc7 15. d5 cxd5 16. Nxd5 Nxd5 17. cxd5 f5 18. Bb5 Rf8 19. Bc6 Rb8 20. Be3 Bb6 21. Bxb6 axb6 22. Qd4 Qg5 23. a4 h5 24. f4 exf3 25. Rc2 f4 26. Rxf3 Bg4 27. Rf1 Rf7 28. Rcf2 Rbf8 29. a5 bxa5 30. bxa5 f3 31. g3 h4 32. a6 hxg3 33. hxg3 Bh3 34. Qh4 Qxh4 35. gxh4 Bxf1 36. Kxf1 Rb8 37. Bb7 Rbxb7 38. axb7 Rxb7 39. Rxf3 Rb4 40. h5 Rh4 41. Rf5 Kh7 42. Kg2 Kh6 43. Rf7 Rxh5 44. Kf3 Rxd5 45. Ke4 Re5+ 46. Kf4 g5+ 47. Kg4 Re4+ 48. Kg3 Re6 49. Rd7 Kg6 50. Kg4 Kf6 51. Rd8 Ke7 52. Ra8 Re5 53. Rg8 Ke6 54. Re8+ Kd5 55. Rd8 Kc5 56. Rc8+ Kd4 57. Ra8 d5 58. Ra4+ Ke3 59. Kg3 d4 60. Ra1 d3 0-1


[Site "https://www.chess.com"]

[Event "Titled Tuesday Blitz July 4 Late 2023"]
[White "Mickiewicz, Piotr"]
[Black "Sadovsky, Artem"]
[WhiteFideId "1114891"]
[BlackFideId "4155840"]
[WhiteElo "2439"]
[BlackElo "2536"]
[Result "0-1"]
[Round "10"]
[TimeControl "180+2"]
[Date "2023.07.04"]
[WhiteClock "0:00:06"]
[BlackClock "0:00:14"]
[Board "65"]

1. Nf3 g6 2. g3 Bg7 3. Bg2 e5 4. d3 d5 5. O-O Ne7 6. c4 O-O 7. cxd5 Nxd5 8. Nc3 Nxc3 9. bxc3 e4 10. dxe4 Bxc3 11. Rb1 Qxd1 12. Rxd1 Be6 13. Rxb7 Na6 14. Be3 Bxa2 15. Rc1 Bg7 16. Nd4 Rfb8 17. e5 c5 18. Nb5 Bxe5 19. Rxb8+ Rxb8 20. Nxa7 Bb2 21. Rd1 c4 22. Nc6 Re8 23. Bd5 Nc7 24. Rd2 c3 25. Rxb2 cxb2 26. Bxa2 Ra8 27. Na7 Nd5 28. Bd4 Nc3 29. Bxc3 Rxa7 30. Bxb2 Rxa2 31. Bd4 Rxe2 32. h4 Re4 33. Be3 h5 34. Kf1 Ra4 35. Ke2 Kf8 36. Kf1 Ke7 37. f3 Ke6 38. Bf4 Kf5 39. Kg2 Rxf4 40. gxf4 Kxf4 41. Kf2 f6 42. Kg2 Ke3 43. Kg3 f5 44. Kg2 f4 0-1


[Site "https://www.chess.com"]

[Event "Titled Tuesday Blitz July 4 Late 2023"]
[White "Belov, Alexei"]
[Black "Carrasco Miranda, Andres"]
[WhiteFideId "4128206"]
[BlackFideId "3405990"]
[WhiteElo "2533"]
[BlackElo "2418"]
[Result "1-0"]
[Round "10"]
[TimeControl "180+2"]
[Date "2023.07.04"]
[WhiteClock "0:00:35"]
[BlackClock "0:00:15"]
[Board "66"]

1. e4 e5 2. Nf3 Nc6 3. Bb5 Nf6 4. O-O Nxe4 5. d4 Nd6 6. Bxc6 dxc6 7. dxe5 Nf5 8. Qxd8+ Kxd8 9. Rd1+ Ke8 10. Nc3 Be7 11. b3 b6 12. Bb2 h6 13. h3 h5 14. Ne2 Be6 15. Nf4 Rh6 16. c4 h4 17. Bc1 Rd8 18. Rxd8+ Kxd8 19. Nxe6+ Rxe6 20. Ng5 Bxg5 21. Bxg5+ Kc8 22. Bf4 c5 23. Rd1 Nd4 24. Kf1 a5 25. Bg5 Nf5 26. Bf4 Nd4 27. Be3 Rxe5 28. Bxd4 cxd4 29. Rxd4 g5 30. f4 Rf5 31. Kf2 a4 32. Kf3 axb3 33. axb3 gxf4 34. Rxf4 Ra5 35. Kg4 Ra3 36. Rf3 Ra2 37. Kxh4 Rxg2 38. Rxf7 Kb7 39. Kh5 Rg3 40. h4 Rxb3 41. Kg4 Rc3 42. Rf4 Kc6 43. h5 b5 44. h6 Rc1 45. cxb5+ Kxb5 46. h7 Rh1 47. Rf5+ c5 48. Rh5 Rg1+ 49. Kf3 Rf1+ 50. Ke2 Rf8 51. h8=Q Rxh8 52. Rxh8 c4 53. Kd2 Kb4 54. Kc2 1-0


[Site "https://www.chess.com"]

[Event "Titled Tuesday Blitz July 4 Late 2023"]
[White "Arnold, Ken"]
[Black "Prem, Pranav"]
[WhiteFideId "2056836"]
[BlackFideId "30901057"]
[WhiteElo "2405"]
[BlackElo "2530"]
[Result "0-1"]
[Round "10"]
[TimeControl "180+2"]
[Date "2023.07.04"]
[WhiteClock "0:00:29"]
[BlackClock "0:00:03"]
[Board "67"]

1. d4 d5 2. Nf3 Nf6 3. c3 Bf5 4. Bf4 c6 5. Nbd2 Qb6 6. Qb3 e6 7. e3 Nbd7 8. Be2 c5 9. c4 Be7 10. O-O O-O 11. h3 h6 12. cxd5 Nxd5 13. Bh2 N7f6 14. Rac1 Rac8 15. Nc4 Qxb3 16. axb3 Ne4 17. g4 Bh7 18. Bd3 Nb4 19. Bb1 b5 20. Nce5 f6 21. Nd7 Rfd8 22. Nxc5 Bxc5 23. dxc5 Nxc5 24. Bxh7+ Kxh7 25. Nd4 a6 26. Rxc5 Rxc5 27. Nxe6 Rcd5 28. Nxd8 Rxd8 29. Bc7 Rd3 30. Ra1 Rxb3 31. Bd6 Nd3 32. Rxa6 Rxb2 33. Bg3 b4 34. Rb6 b3 35. Kf1 Nc5 36. Bd6 Ne4 37. Bf8 Rxf2+ 38. Ke1 b2 39. Rb7 Rc2 40. Bxg7 Rc1+ 41. Ke2 b1=Q 42. Re7 Re1+ 43. Kf3 Ng5+ 44. Kf4 Rf1+ 45. Kg3 Rf3+ 46. Kh4 Rxh3# 0-1


[Site "https://www.chess.com"]

[Event "Titled Tuesday Blitz July 4 Late 2023"]
[White "marik_spb"]
[Black "Romero Arzuaga, Yudel"]
[BlackFideId "3521010"]
[WhiteElo "2503"]
[BlackElo "2387"]
[Result "0-1"]
[Round "10"]
[TimeControl "180+2"]
[Date "2023.07.04"]
[WhiteClock "0:00:00"]
[BlackClock "0:00:35"]
[Board "68"]

1. e4 d5 2. exd5 Qxd5 3. Nc3 Qd8 4. d4 c6 5. Be3 Bf5 6. Nf3 e6 7. Bd3 Bxd3 8. Qxd3 Nf6 9. Ne4 Nbd7 10. O-O Be7 11. c4 O-O 12. Rfd1 Nxe4 13. Qxe4 Nf6 14. Qc2 Qa5 15. Ne5 Rad8 16. a3 Nd7 17. b4 Qc7 18. Qe4 Nxe5 19. dxe5 Rxd1+ 20. Rxd1 Rd8 21. Rxd8+ Qxd8 22. g3 a5 23. b5 Qd7 24. a4 h6 25. Kg2 Bb4 26. Qg4 Kf8 27. h4 cxb5 28. cxb5 Qd5+ 29. Qf3 Qd7 30. h5 Kg8 31. Qe4 Qc7 32. Qd4 Bc3 33. Qb6 Bxe5 34. Qxc7 Bxc7 35. Kf3 f6 36. Ke4 Kf7 37. Kd3 g6 38. hxg6+ Kxg6 39. Kc4 b6 40. Kd4 h5 41. Ke4 Bd8 42. Bd4 Bc7 43. Bc3 f5+ 44. Kf3 e5 45. Ke3 Kg5 46. f3 f4+ 47. Kf2 fxg3+ 48. Kxg3 Kf5 49. Kg2 e4 50. fxe4+ Kxe4 51. Kh3 Kd3 52. Be1 Kc4 53. Kh4 Kb3 54. Kxh5 Kxa4 55. Kg4 Kxb5 56. Kf3 Kc4 57. Ke2 Kb3 58. Kd1 Bf4 59. Bh4 b5 60. Be7 b4 0-1


[Site "https://www.chess.com"]

[Event "Titled Tuesday Blitz July 4 Late 2023"]
[White "Cluke86"]
[Black "Reprintsev, Alexander"]
[BlackFideId "14100541"]
[WhiteElo "2337"]
[BlackElo "2492"]
[Result "0-1"]
[Round "10"]
[TimeControl "180+2"]
[Date "2023.07.04"]
[WhiteClock "0:00:00"]
[BlackClock "0:00:10"]
[Board "69"]

1. e4 d5 2. exd5 Qxd5 3. Nc3 Qd6 4. Nf3 Bg4 5. h3 Bh5 6. Be2 Nc6 7. d3 O-O-O 8. Be3 a6 9. Ne4 Qd5 10. c4 Qa5+ 11. Bd2 Qb6 12. Be3 Qa5+ 13. Bd2 Qb6 14. c5 Qxb2 15. Bc3 Qa3 16. Qc2 e5 17. O-O Bxf3 18. Bxf3 Be7 19. Rfd1 f5 20. Bb2 Nd4 21. Bxd4 Rxd4 22. Nd6+ Bxd6 23. cxd6 Qxd6 24. Rab1 b6 25. a4 Ne7 26. a5 b5 27. Rdc1 Rd8 28. Rb3 Rd7 29. Rc3 Kd8 30. Rd1 g5 31. Qb3 c5 32. Qf7 Qg6 33. Qf8+ Qe8 34. Qf6 R7d6 35. Qxe5 c4 36. Rdc1 Nc6 37. Qxf5 Qd7 38. Qxg5+ Kc7 39. dxc4 b4 40. Rb3 Qe6 41. Bd5 Qg6 42. Qf4 Rxf4 43. Re3 Qf6 44. Rg3 Rf3 45. gxf3 Qb2 46. Rg7+ Kd8 47. Re1 Qxg7+ 48. Kf1 Qf6 49. Re4 Qxf3 50. Re8+ Kxe8 51. Bxf3 Nxa5 52. Bd5 b3 53. c5 Rxd5 54. c6 Rc5 0-1


[Site "https://www.chess.com"]

[Event "Titled Tuesday Blitz July 4 Late 2023"]
[White "Deng, Henry"]
[Black "Ardila, Oscar Humberto"]
[WhiteFideId "30965454"]
[BlackFideId "4404742"]
[WhiteElo "2486"]
[BlackElo "2346"]
[Result "1-0"]
[Round "10"]
[TimeControl "180+2"]
[Date "2023.07.04"]
[WhiteClock "0:00:20"]
[BlackClock "0:00:08"]
[Board "70"]

1. e4 e5 2. Nf3 Nf6 3. Nxe5 d6 4. Nf3 Nxe4 5. Nc3 Nxc3 6. dxc3 Be7 7. Be3 O-O 8. Qd2 Nd7 9. O-O-O Nf6 10. h4 c5 11. h5 Qa5 12. Kb1 Be6 13. a3 Ne4 14. Qe1 Bf6 15. Bc1 Nxc3+ 16. bxc3 Bxc3 17. Qe2 b5 18. h6 b4 19. Qa6 Qxa6 20. Bxa6 bxa3 21. Bxa3 Rfb8+ 22. Kc1 Rb6 23. Rd3 Bf6 24. hxg7 Rxa6 25. Bb2 Bxb2+ 26. Kxb2 Rb8+ 27. Kc3 Ra3+ 28. Kd2 Rxd3+ 29. Kxd3 Kxg7 30. Ra1 Ra8 31. Ra6 d5 32. Ne5 Bf5+ 33. Kc3 d4+ 34. Kd2 Re8 35. Nc4 Bg4 36. f3 Be6 37. Nd6 Rd8 38. Nb7 Rc8 39. Nd6 Rc7 40. Ne8+ Kg6 41. Nxc7 Kf5 42. Nxe6 fxe6 43. Rxa7 e5 44. Rxh7 c4 45. c3 d3 46. Rc7 Kf4 47. Rxc4+ Kg3 48. Rg4+ Kf2 49. Kxd3 e4+ 50. Kxe4 1-0


[Site "https://www.chess.com"]

[Event "Titled Tuesday Blitz July 4 Late 2023"]
[White "Vega Gutierrez, Sabrina"]
[Black "Howell, David W L"]
[WhiteFideId "2219026"]
[BlackFideId "410608"]
[WhiteElo "2401"]
[BlackElo "2997"]
[Result "0-1"]
[Round "10"]
[TimeControl "180+2"]
[Date "2023.07.04"]
[WhiteClock "0:00:00"]
[BlackClock "0:00:23"]
[Board "71"]

1. e4 e6 2. d4 d5 3. Nc3 Bb4 4. e5 c5 5. Bd2 Ne7 6. a3 Bxc3 7. Bxc3 cxd4 8. Bxd4 Nbc6 9. Nf3 O-O 10. Bd3 Nxd4 11. Nxd4 Qb6 12. b4 Qc7 13. Nf3 Nc6 14. Qe2 Nxb4 15. axb4 Qc3+ 16. Kd1 Qxa1+ 17. Kd2 Qxh1 18. Bxh7+ Kxh7 19. Ng5+ Kh6 20. Qe3 Qxg2 21. Nf3+ Kh7 0-1


[Site "https://www.chess.com"]

[Event "Titled Tuesday Blitz July 4 Late 2023"]
[White "Ganiev, Roman"]
[Black "Bochnicka, Vladimir"]
[WhiteFideId "4131452"]
[BlackFideId "14943450"]
[WhiteElo "2601"]
[BlackElo "2391"]
[Result "1-0"]
[Round "10"]
[TimeControl "180+2"]
[Date "2023.07.04"]
[WhiteClock "0:01:28"]
[BlackClock "0:00:43"]
[Board "72"]

1. e4 c5 2. Nf3 Nc6 3. Bb5 e6 4. O-O Nge7 5. d4 cxd4 6. Nxd4 Qb6 7. Nxc6 dxc6 8. Bd3 Ng6 9. Nd2 e5 10. Nc4 Qc7 11. a4 Be6 12. Be3 Be7 13. Qe2 O-O 14. Rad1 b5 15. axb5 cxb5 16. Nd2 a6 17. Nf3 h6 18. Ra1 Bc5 19. Bxc5 Qxc5 20. Qe3 Qe7 21. Ra5 Nf4 22. Rfa1 Rfd8 23. Bf1 Rd6 24. Nxe5 Qg5 25. Nd3 Nxd3 26. Bxd3 Qe5 27. b3 Rad8 28. f4 Qc3 29. e5 Rd4 30. Bh7+ Kxh7 31. Qxc3 Rd1+ 32. Rxd1 Rxd1+ 33. Kf2 1-0


[Site "https://www.chess.com"]

[Event "Titled Tuesday Blitz July 4 Late 2023"]
[White "Zavgorodniy, Sergiy"]
[Black "financieru"]
[WhiteFideId "14110148"]
[WhiteElo "2582"]
[BlackElo "2388"]
[Result "1-0"]
[Round "10"]
[TimeControl "180+2"]
[Date "2023.07.04"]
[WhiteClock "0:02:26"]
[BlackClock "0:01:39"]
[Board "73"]

1. d4 Nf6 2. c4 g6 3. Nc3 Bg7 4. e4 d6 5. Be2 O-O 6. Nf3 e5 7. O-O Nbd7 8. Qc2 c6 9. d5 c5 10. Bg5 h6 11. Bd2 Qe7 12. a3 Nh7 13. g3 f5 14. Nh4 Qf7 15. exf5 gxf5 16. f4 e4 17. Nd1 Re8 18. Ne3 Ndf8 19. Qd1 Bxb2 20. Bh5 Qd7 21. Rb1 Bd4 22. Bxe8 Qxe8 23. Kg2 Qg6 24. Nxg6 1-0


[Site "https://www.chess.com"]

[Event "Titled Tuesday Blitz July 4 Late 2023"]
[White "Prieto Aranguren, Alain"]
[Black "Jovic, Stanoje"]
[WhiteFideId "2268906"]
[BlackFideId "905020"]
[WhiteElo "2384"]
[BlackElo "2550"]
[Result "1-0"]
[Round "10"]
[TimeControl "180+2"]
[Date "2023.07.04"]
[WhiteClock "0:00:43"]
[BlackClock "0:00:06"]
[Board "74"]

1. d4 Nf6 2. c4 d6 3. Nf3 Bg4 4. g3 Nbd7 5. Bg2 e5 6. O-O c6 7. Nc3 Qc7 8. e4 Be7 9. d5 O-O 10. Be3 Rfc8 11. Rc1 Qa5 12. b3 c5 13. Qd2 a6 14. a4 Qb4 15. Qc2 Qb6 16. Bd2 Qd8 17. h3 Bh5 18. Nh4 Bg6 19. Nxg6 hxg6 20. Be3 Qe8 21. Ne2 Bd8 22. g4 Ba5 23. Ng3 b5 24. axb5 axb5 25. g5 Nh7 26. h4 bxc4 27. bxc4 Bb4 28. h5 Nhf8 29. Bh3 Ra3 30. Kg2 Rca8 31. Qe2 Qd8 32. Qg4 Nb6 33. Rh1 Bc3 34. hxg6 Nxg6 35. Nf5 Nxc4 36. Qh5 Nxe3+ 37. fxe3 Ra2+ 38. Kg3 Nf4 39. exf4 exf4+ 40. Kg4 g6 41. Nh6+ Kg7 42. Nf5+ gxf5+ 43. exf5 Qh8 44. f6+ Bxf6 45. gxf6+ Kxf6 46. Qg5# 1-0


[Site "https://www.chess.com"]

[Event "Titled Tuesday Blitz July 4 Late 2023"]
[White "reevecanada"]
[Black "Cooklev, Steven"]
[BlackFideId "2050552"]
[WhiteElo "2532"]
[BlackElo "2380"]
[Result "1/2-1/2"]
[Round "10"]
[TimeControl "180+2"]
[Date "2023.07.04"]
[WhiteClock "0:01:02"]
[BlackClock "0:00:17"]
[Board "75"]

1. e4 c5 2. Nf3 Nc6 3. Bb5 Nf6 4. Nc3 Qc7 5. Nd5 Nxd5 6. exd5 Nd4 7. Nxd4 cxd4 8. O-O Qc5 9. Bd3 Qxd5 10. c3 e6 11. b3 b6 12. Bb2 Bb7 13. f3 f5 14. cxd4 Bc5 15. dxc5 Qxd3 16. cxb6 axb6 17. Bxg7 Rg8 18. Bb2 Rc8 19. Rc1 Rxc1 20. Qxc1 Bxf3 21. Rxf3 Qxf3 22. Qc8+ Ke7 23. Ba3+ Kf6 24. Qxg8 Qd1+ 25. Kf2 Qxd2+ 26. Kg3 Qe3+ 27. Kh4 Qh6+ 28. Kg3 Qe3+ 29. Kh4 Qh6+ 30. Kg3 Qe3+ 1/2-1/2


[Site "https://www.chess.com"]

[Event "Titled Tuesday Blitz July 4 Late 2023"]
[White "Fiol, Fabrice"]
[Black "Alahakoon, Isuru"]
[WhiteFideId "611670"]
[BlackFideId "9900993"]
[WhiteElo "2525"]
[BlackElo "2378"]
[Result "0-1"]
[Round "10"]
[TimeControl "180+2"]
[Date "2023.07.04"]
[WhiteClock "0:00:00"]
[BlackClock "0:00:58"]
[Board "76"]

1. e4 d5 2. exd5 Qxd5 3. Nf3 Nf6 4. d4 Bg4 5. Be2 Nc6 6. h3 Bh5 7. c4 Qd6 8. g4 Bg6 9. d5 Nb4 10. Na3 e6 11. O-O exd5 12. Nb5 Qb6 13. Be3 Bc5 14. Bxc5 Qxc5 15. a3 Nc2 16. Rc1 dxc4 17. Bxc4 Qxc4 18. Re1+ Kf8 19. Nd6 Qd5 20. Qe2 cxd6 21. Qe7+ Kg8 22. Rcd1 Qxf3 23. Rxd6 h5 24. g5 Nxe1 25. Qxe1 Re8 26. Qd2 Ne4 27. Rd8 Nxd2 28. Rxe8+ Kh7 29. Rxh8+ Kxh8 30. h4 Ne4 0-1


[Site "https://www.chess.com"]

[Event "Titled Tuesday Blitz July 4 Late 2023"]
[White "Kanyamarala, Tarun"]
[Black "Campos, Maria Jose"]
[WhiteFideId "45004714"]
[BlackFideId "146803"]
[WhiteElo "2508"]
[BlackElo "2377"]
[Result "1-0"]
[Round "10"]
[TimeControl "180+2"]
[Date "2023.07.04"]
[WhiteClock "0:01:18"]
[BlackClock "0:01:08"]
[Board "77"]

1. d4 Nf6 2. c4 e6 3. Nc3 Bb4 4. a3 Bxc3+ 5. bxc3 Nc6 6. f3 b6 7. e4 Ba6 8. Bd3 Na5 9. Bg5 h6 10. Bh4 Bxc4 11. Ne2 Bxd3 12. Qxd3 Qc8 13. Bxf6 gxf6 14. O-O Qb7 15. c4 Qc6 16. Rac1 Qa4 17. Kh1 Rg8 18. Nc3 Qc6 19. c5 bxc5 20. d5 Qb7 21. Rb1 Qc8 22. Qb5 exd5 23. Qxa5 d4 24. Nd5 Kf8 25. Qxc5+ Kg7 26. Qxd4 Qd8 27. e5 fxe5 28. Qxe5+ f6 29. Qg3+ Kh7 30. Qf4 Kg7 31. Nxc7 Rc8 32. Nd5 Rc2 33. Ne3 Qc7 34. Qxc7 Rxc7 35. Rbc1 Rb7 36. h3 Kg6 37. Rc3 Re8 38. Rd1 Re5 39. Rcd3 Kh5 40. Ng4 1-0


[Site "https://www.chess.com"]

[Event "Titled Tuesday Blitz July 4 Late 2023"]
[White "Womacka, Mathias"]
[Black "Kanyamarala, Trisha"]
[WhiteFideId "4611390"]
[BlackFideId "45004722"]
[WhiteElo "2500"]
[BlackElo "2376"]
[Result "0-1"]
[Round "10"]
[TimeControl "180+2"]
[Date "2023.07.04"]
[WhiteClock "0:00:14"]
[BlackClock "0:00:04"]
[Board "78"]

1. e4 c5 2. Nf3 d6 3. d4 cxd4 4. Nxd4 Nf6 5. Nc3 Nc6 6. Be2 e6 7. Be3 Be7 8. O-O O-O 9. f4 a6 10. Kh1 Qc7 11. Qe1 Rb8 12. Qg3 b5 13. e5 Ne8 14. Bd3 f5 15. exf6 Nxf6 16. Rae1 b4 17. Nce2 Na5 18. Ng1 Nc4 19. Bc1 e5 20. fxe5 dxe5 21. Nf5 Bxf5 22. Bxf5 Kh8 23. Nf3 Bd6 24. Qh3 Rfe8 25. Ng5 h6 26. Ne6 Qa7 27. Bxh6 gxh6 28. Qxh6+ Nh7 29. Bg6 Rxe6 30. Qh5 Qg7 31. Bd3 Rh6 32. Qf5 Nb6 33. Be4 Rg8 34. g3 Qxg3 35. Re2 Qg5 36. Qxg5 Nxg5 37. Bd3 e4 38. Bxe4 Nxe4 39. Rxe4 Rxh2# 0-1


[Site "https://www.chess.com"]

[Event "Titled Tuesday Blitz July 4 Late 2023"]
[White "lagarto93"]
[Black "ChawitAp"]
[WhiteElo "2485"]
[BlackElo "2374"]
[Result "1-0"]
[Round "10"]
[TimeControl "180+2"]
[Date "2023.07.04"]
[WhiteClock "0:01:39"]
[BlackClock "0:00:00"]
[Board "79"]

1. d4 d5 2. c4 c6 3. Nc3 Nf6 4. cxd5 cxd5 5. Bf4 Nc6 6. e3 a6 7. Rc1 Bf5 8. Nf3 Rc8 9. Bd3 Bxd3 10. Qxd3 e6 11. O-O Bd6 12. Bxd6 Qxd6 13. a3 O-O 14. Na4 Nd7 15. Nc5 Nxc5 16. Rxc5 Rc7 17. Rfc1 Rfc8 18. b4 h6 19. Qc2 b6 20. Rc3 Nxd4 21. Rxc7 Nxc2 22. Rxc8+ Kh7 23. R1xc2 Qd7 24. R8c7 Qa4 25. R7c3 f6 26. h4 a5 27. bxa5 bxa5 28. Rb2 e5 29. Rd2 Qe4 30. Rcd3 Qa4 31. Rc3 Qb5 32. Kh2 d4 33. exd4 e4 34. Ne1 Qb8+ 35. g3 f5 36. Re3 Qd6 37. d5 g5 38. hxg5 hxg5 39. Nc2 Qh6+ 40. Kg1 Qd6 41. Ree2 1-0


[Site "https://www.chess.com"]

[Event "Titled Tuesday Blitz July 4 Late 2023"]
[White "Seletsky, Grigory"]
[Black "Liu, Casper"]
[WhiteFideId "14112191"]
[BlackFideId "1454153"]
[WhiteElo "2358"]
[BlackElo "2474"]
[Result "0-1"]
[Round "10"]
[TimeControl "180+2"]
[Date "2023.07.04"]
[WhiteClock "0:00:08"]
[BlackClock "0:00:26"]
[Board "80"]

1. e4 b6 2. d4 Bb7 3. f3 e6 4. Be3 c5 5. c3 cxd4 6. cxd4 Nc6 7. Nc3 Rc8 8. Qd2 Bb4 9. Bd3 d6 10. Nge2 Nge7 11. O-O O-O 12. Rac1 Na5 13. Rc2 Nc4 14. Bxc4 Rxc4 15. Rfc1 Ba6 16. a3 Bxc3 17. Rxc3 d5 18. Rxc4 Bxc4 19. e5 Nf5 20. Ng3 Nxe3 21. Qxe3 Qe7 22. f4 a5 23. f5 a4 24. f6 gxf6 25. Nh5 fxe5 26. dxe5 Qc5 27. Nf6+ Kg7 28. Rc3 Kg6 29. Kf2 Qxe3+ 30. Kxe3 h5 31. Kf4 h4 32. Rh3 Rh8 33. g3 Bf1 34. Rxh4 Rxh4+ 35. gxh4 Be2 36. Nd7 b5 37. Nf6 d4 38. Ke4 d3 39. Ke3 Kf5 40. Nd7 Kg4 41. Nc5 Kxh4 42. Nxd3 Bxd3 43. Kxd3 Kh3 44. Ke4 Kxh2 45. Kf4 Kg2 46. Kg5 Kf3 47. Kf6 Ke4 48. Kxf7 Kxe5 49. Ke7 Kd5 50. Kd7 e5 51. Kc7 e4 52. Kb6 Kc4 53. Ka5 e3 0-1


[Site "https://www.chess.com"]

[Event "Titled Tuesday Blitz July 4 Late 2023"]
[White "Rodriguez Santiago, Jaime"]
[Black "Erzhanov, Arman"]
[WhiteFideId "3100898"]
[BlackFideId "4138821"]
[WhiteElo "2332"]
[BlackElo "2472"]
[Result "0-1"]
[Round "10"]
[TimeControl "180+2"]
[Date "2023.07.04"]
[WhiteClock "0:00:34"]
[BlackClock "0:01:10"]
[Board "81"]

1. c4 d6 2. Nc3 g6 3. g3 Bg7 4. Bg2 e5 5. e4 Nc6 6. Nge2 Nge7 7. O-O O-O 8. d3 Be6 9. Nd5 f5 10. f4 Qd7 11. Be3 Rae8 12. Rc1 b6 13. a3 a5 14. Qd2 Kh8 15. b4 axb4 16. axb4 Nd4 17. Nxd4 exd4 18. Bf2 Rb8 19. Nxe7 Qxe7 20. Rfe1 Qd7 21. c5 bxc5 22. bxc5 dxc5 23. Rxc5 fxe4 24. dxe4 Rfd8 25. e5 Bf8 26. Rc4 Bxc4 27. e6 Bxe6 0-1


[Site "https://www.chess.com"]

[Event "Titled Tuesday Blitz July 4 Late 2023"]
[White "Korpics, Zsolt"]
[Black "Uzcategui Rodriguez, Alejandro"]
[WhiteFideId "705241"]
[BlackFideId "3903400"]
[WhiteElo "2332"]
[BlackElo "2446"]
[Result "1/2-1/2"]
[Round "10"]
[TimeControl "180+2"]
[Date "2023.07.04"]
[WhiteClock "0:00:14"]
[BlackClock "0:00:13"]
[Board "82"]

1. e4 d6 2. d4 Nf6 3. Nc3 Nbd7 4. g4 e5 5. Be3 Be7 6. f3 c6 7. Qd2 Qa5 8. O-O-O b5 9. a3 Rb8 10. Na2 b4 11. Nxb4 exd4 12. Nxc6 Qb6 13. Nxb8 dxe3 14. Qc3 Qxb8 15. Qxe3 O-O 16. Ne2 Ne5 17. Nd4 Be6 18. g5 Nfd7 19. f4 Nc4 20. Bxc4 Bxc4 21. Nc6 Qe8 22. Qd4 Bb5 23. Nxa7 Nc5 24. e5 Ne6 25. Qd5 Be2 26. exd6 Bxd1 27. dxe7 Qxe7 28. Rxd1 Qxa7 29. f5 Nxg5 30. f6 Qe3+ 31. Kb1 Qf3 32. Qd6 Qxf6 33. Qxf6 gxf6 34. a4 f5 35. a5 Ra8 36. b4 f4 37. c4 f3 38. c5 Ne4 39. Kc2 f2 40. c6 Kg7 41. c7 Rc8 42. Kd3 Nf6 43. Ke2 Rxc7 44. Kxf2 Rc4 45. Rb1 Nd5 46. a6 Rc2+ 47. Kg3 Ra2 48. b5 Nb6 49. Kf4 Ra5 50. Ke5 Nc4+ 51. Kd5 Ne3+ 52. Ke4 Nc2 53. b6 Na3 54. b7 Nxb1 55. b8=Q Rxa6 56. Qxb1 Rg6 57. Kf4 Rf6+ 58. Kg4 Rg6+ 59. Kf3 Rf6+ 60. Kg3 Rg6+ 61. Kf2 Rf6+ 62. Kg2 Rg6+ 63. Kf1 Rf6+ 64. Ke2 Rg6 65. h4 Re6+ 66. Kd3 Rh6 67. Qc1 Rd6+ 68. Ke4 Re6+ 69. Kd5 Rg6 70. Qf4 h6 71. Ke5 Re6+ 72. Kd5 Rg6 73. Ke5 Re6+ 74. Kd4 Rg6 75. Qe5+ Kh7 76. Qe7 Kg7 77. Ke4 Re6+ 78. Qxe6 fxe6 79. Ke5 Kf7 80. h5 Ke7 81. Ke4 Kf6 82. Kf4 e5+ 83. Ke4 Ke6 84. Ke3 Kf5 85. Kf3 e4+ 86. Ke3 Ke5 87. Ke2 Kf4 88. Kf2 Ke5 89. Ke3 Kd5 90. Ke2 Kd4 91. Kd2 Ke5 92. Ke2 Kf5 93. Ke3 Kg5 94. Kxe4 Kxh5 95. Kf3 Kh4 96. Kg2 Kg4 97. Kh1 Kg3 98. Kg1 h5 99. Kh1 h4 100. Kg1 h3 101. Kh1 h2 1/2-1/2


[Site "https://www.chess.com"]

[Event "Titled Tuesday Blitz July 4 Late 2023"]
[White "Omariev, Maksim"]
[Black "Bullen, Alex"]
[WhiteFideId "4193423"]
[BlackFideId "1801627"]
[WhiteElo "2430"]
[BlackElo "2306"]
[Result "0-1"]
[Round "10"]
[TimeControl "180+2"]
[Date "2023.07.04"]
[WhiteClock "0:00:00"]
[BlackClock "0:00:27"]
[Board "83"]

1. e4 c6 2. Nc3 d5 3. Nf3 dxe4 4. Nxe4 Nf6 5. Ng3 h5 6. h4 Bg4 7. Be2 e6 8. d4 Be7 9. c3 Nbd7 10. Ng5 Bxe2 11. Qxe2 Qb6 12. a4 a5 13. O-O Qc7 14. Re1 Nf8 15. b3 c5 16. dxc5 Bxc5 17. Nf5 O-O-O 18. Ne3 Ng6 19. g3 Ng4 20. b4 Bd6 21. Nc4 Bxg3 22. Ne4 Bxf2+ 23. Kf1 Qh2 0-1


[Site "https://www.chess.com"]

[Event "Titled Tuesday Blitz July 4 Late 2023"]
[White "Osmonbekov, Talaibek"]
[Black "Mikhalsky, Vladimir"]
[WhiteFideId "2017253"]
[BlackFideId "14144352"]
[WhiteElo "2174"]
[BlackElo "2419"]
[Result "0-1"]
[Round "10"]
[TimeControl "180+2"]
[Date "2023.07.04"]
[WhiteClock "0:00:00"]
[BlackClock "0:01:09"]
[Board "84"]

1. d4 Nf6 2. Bf4 g6 3. Nc3 Bg7 4. e4 O-O 5. Qd2 d5 6. e5 Ne4 7. Nxe4 dxe4 8. Bc4 c5 9. c3 cxd4 10. cxd4 Nc6 11. Ne2 Bg4 12. Be3 Kh8 13. O-O f6 14. exf6 exf6 15. h3 Bxe2 16. Bxe2 f5 17. Rfd1 f4 18. Bxf4 Qxd4 19. Be3 Qxb2 20. Qxb2 Bxb2 21. Rab1 Bg7 22. Rxb7 Rab8 23. Rc7 Rfc8 24. Rdd7 Rb1+ 25. Kh2 Rxc7 26. Rd5 Rb2 27. Bc4 h5 28. Bb3 h4 29. Bg5 Rxf2 30. Bxh4 Rf5 31. Rd1 Nd4 32. Bg3 Rb7 33. Ba4 Rb2 34. Bd7 Rd5 35. Be6 Nf3+ 0-1


[Site "https://www.chess.com"]

[Event "Titled Tuesday Blitz July 4 Late 2023"]
[White "Gombocz, Ferenc Jr."]
[Black "Sun, Rick"]
[WhiteFideId "775029"]
[BlackFideId "30909481"]
[WhiteElo "2403"]
[BlackElo "2565"]
[Result "1-0"]
[Round "10"]
[TimeControl "180+2"]
[Date "2023.07.04"]
[WhiteClock "0:02:17"]
[BlackClock "0:00:38"]
[Board "86"]

1. c4 Nf6 2. g3 g6 3. Bg2 Bg7 4. Nc3 O-O 5. e4 e5 6. Nge2 Nc6 7. O-O Nd4 8. d3 d6 9. Nxd4 exd4 10. Ne2 c5 11. h3 Rb8 12. a4 a6 13. a5 b5 14. axb6 Rxb6 15. f4 Bd7 16. g4 Re8 17. Ng3 Qb8 18. g5 Nh5 19. Nxh5 gxh5 20. Qxh5 Rxb2 21. Bxb2 Qxb2 22. f5 Be5 23. f6 Kh8 24. Qxf7 Rg8 25. Qxd7 Rxg5 26. Qe8+ Rg8 27. Qxg8+ Kxg8 28. f7+ Kf8 29. Rab1 Qxb1 30. Rxb1 Kxf7 31. Rb7+ Kg6 32. Ra7 h5 33. Rxa6 Kg5 34. Kf2 Kf4 35. Ra7 Bf6 36. Rf7 Ke5 37. Kf3 d5 38. exd5 h4 39. Kg4 Bd8 40. Be4 Bf6 41. Rxf6 Kxf6 42. Kxh4 Ke5 43. Kg4 Kf6 44. h4 Kg7 45. h5 Kf6 46. h6 Kf7 47. h7 Kg7 48. d6 Kh8 49. d7 Kg7 50. d8=Q Kf7 51. Qd7+ Kf6 52. h8=Q# 1-0


[Site "https://www.chess.com"]